 Dungeon Crawl Stone Soup version 0.20.1-1-g8b1a95d (webtiles) character file.

933 vineage the Covered (level 7, -1/61 HPs)
             Began as a Minotaur Fighter on July 23, 2017.
             Killed by divine providence
             ... invoked by an orc priest
              (11 damage)
             ... on level 5 of the Dungeon.
             The game lasted 00:10:48 (3722 turns).

vineage the Covered (Minotaur Fighter)              Turns: 3722, Time: 00:10:49

Health: -1/61      AC:  7    Str: 26    XL:     7   Next: 86%
Magic:  6/6        EV:  9    Int:  5    God:
Gold:   247        SH: 11    Dex: 11    Spells: 6/6 levels left

rFire    . . .     SeeInvis .   e - +3 spear
rCold    + . .     Gourm    .   c - +0 shield
rNeg     . . .     Faith    .   b - +0 scale mail
rPois    .         Spirit   .   (helmet restricted)
rElec    .         Reflect  .   (no cloak)
rCorr    .         Harm     .   (no gloves)
MR       .....                  (no boots)
Stlth    ..........             (no amulet)
Regen    0.2/turn               j - ring of protection from cold
MPRegen  0.1/turn               (no ring)

@: mighty, lethally poisoned (-1 -> -36)
A: retaliatory headbutt, horns 2
a: no special abilities


You were on level 5 of the Dungeon.
You were very full.

You visited 1 branch of the dungeon, and saw 5 of its levels.

You collected 247 gold pieces.

Inventory:

Hand Weapons
 a - a +0 war axe
 e - a +3 spear (weapon)
 p - a +0 mace of protection
 x - a +4 vampiric dagger
 B - a +0 battleaxe
Armour
 b - a +0 scale mail (worn)
 c - a +0 shield (worn)
Jewellery
 j - a ring of protection from cold (left hand)
Wands
 y - a wand of digging (13/24)
Scrolls
 g - 2 scrolls of blinking
 i - a scroll of enchant armour {unknown}
 k - a scroll of remove curse
 r - 2 scrolls of identify
 t - 2 scrolls of noise
 v - a scroll of fog
 w - a scroll of teleportation
Potions
 l - a potion of invisibility {unknown}
 m - a potion of curing
 n - a potion of flight
 q - a potion of agility
 u - a potion of magic {unknown}
 z - a potion of ambrosia {unknown}
 C - a potion of degeneration {unknown}
Books
 s - a book of Misfortune

   Spells                             Type                      Level
   a - Confusing Touch                Hexes                        1
   b - Confuse                        Hexes                        3
   c - Gell's Gravitas                Translocation                3
   d - Petrify                        Transmutation/Earth          4
   e - Metabolic Englaciation         Hexes/Ice                    5
   f - Yara's Violent Unravelling     Hexes/Transmutation          5
 A - a book of Cantrips

   Spells                             Type                      Level
   a - Confusing Touch                Hexes                        1
   b - Animate Skeleton               Necromancy                   1
   c - Summon Small Mammal            Summoning                    1
   d - Apportation                    Translocation                1
Comestibles
 f - 3 bread rations
 h - 2 fruits
 o - 2 meat rations


   Skills:
 + Level 5.0 Fighting
 + Level 3.3(4.9) Axes
 + Level 5.6(6.1) Polearms
 + Level 6.4 Armour
 + Level 2.3 Dodging
 + Level 1.0 Stealth
 + Level 6.1 Shields


You had 6 spell levels left.
You didn't know any spells.

Dungeon Overview and Level Annotations

Branches:
Dungeon (5/15)             Temple (0/1) D:5

Altars:
Ashenzari
Hepliaklqana
Makhleb
Qazlal
Yredelemnul
The Shining One

Shops:
D:4 }   D:5 (


Innate Abilities, Weirdness & Mutations

You reflexively headbutt those who attack you in melee.
You have a pair of horns on your head.


Message History

You feel sick.
The orc wizard hits you but does no damage.
You are more poisoned.
The orc priest invokes the aid of Beogh against you.
Beogh smites you!
* * * LOW HITPOINT WARNING * * *
You feel very mighty all of a sudden.
* * * LOW HITPOINT WARNING * * *
You feel sick.
The orc wizard hits you but does no damage.
You are more poisoned.
You barely miss the orc wizard. Your headbutt misses the orc wizard.
The orc wizard is heavily wounded.
* * * LOW HITPOINT WARNING * * *
You feel sick.
The orc wizard hits you but does no damage.
You are more poisoned.
The orc priest invokes the aid of Beogh against you.
Beogh smites you!
You die...

##### ###
#...#####.....
#.....@oo.#
#...#######
###.# #.# #
###.##....
###......#
#...#.####
#.###.# #.#
#..


You could see an orc priest and an orc wizard.

Vanquished Creatures
  Grinder (D:5)
  An ogre (D:4)
  Blork the orc (D:5)
  A scorpion (D:4)
  A howler monkey (D:5)
  A bullfrog zombie (D:5)
  An iguana (D:4)
  6 orc wizards
  2 worker ants
  4 gnolls (D:4)
  7 adders
  4 worms
  2 dart slugs
  4 leopard geckos
  15 orcs (D:4)
  7 giant cockroaches
  8 hobgoblins
  9 jackals
  7 kobolds
  3 bats
  2 frilled lizards
  9 goblins
  7 rats
103 creatures vanquished.

Notes
Turn   | Place    | Note
-------+----------+-------------------------------------------
     0 | D:1      | vineage the Minotaur Fighter began the quest for the Orb.
     0 | D:1      | Reached XP level 1. HP: 19/19 MP: 0/0
    99 | D:1      | Reached XP level 2. HP: 18/26 MP: 1/1
   804 | D:2      | Reached XP level 3. HP: 33/33 MP: 2/2
   826 | D:2      | Found a shattered altar of Ashenzari.
   921 | D:2      | Found a faded altar of an unknown god.
   940 | D:2      | Found a basalt altar of Yredelemnul.
  1010 | D:2      | Found a glowing golden altar of the Shining One.
  1192 | D:2      | Found a stormy altar of Qazlal.
  1219 | D:2      | Reached XP level 4. HP: 40/40 MP: 3/3
  1569 | D:3      | Reached skill level 1 in Polearms
  1569 | D:3      | Reached skill level 5 in Shields
  2324 | D:4      | Reached XP level 5. HP: 36/46 MP: 4/4
  2391 | D:4      | Reached skill level 1 in Dodging
  2405 | D:4      | Reached XP level 6. HP: 29/53 MP: 5/5
  2429 | D:4      | Reached skill level 5 in Armour
  2839 | D:4      | Found a burning altar of Makhleb.
  2889 | D:4      | Reached XP level 7. HP: 17/60 MP: 6/6
  3180 | D:4      | Found a hazy altar of Hepliaklqana.
  3193 | D:4      | Found Bamim's Gadget Boutique.
  3316 | D:5      | Entered Level 5 of the Dungeon
  3316 | D:5      | Noticed Grinder
  3316 | D:5      | Noticed Blork the orc
  3342 | D:5      | Killed Blork the orc
  3342 | D:5      | Reached skill level 5 in Polearms
  3344 | D:5      | Found Ruavyze's Weapon Emporium.
  3349 | D:5      | Paralysed by Grinder for 4 turns
  3360 | D:5      | Paralysed by Grinder for 4 turns
  3371 | D:5      | Killed Grinder
  3371 | D:5      | Reached skill level 5 in Fighting
  3371 | D:5      | Reached skill level 1 in Stealth
  3642 | D:5      | Found a staircase to the Ecumenical Temple.
  3722 | D:5      | Killed from afar by an orc priest

Skill      XL: |  1  2  3  4  5  6  7 |
---------------+----------------------+-----
Shields        | 4 5 6 |  6.1
Armour         | 4 5 6 |  6.4
Axes           | 3 |  3.3
Fighting       | 4 5 |  5.0
Polearms       | 1 3 4 5 |  5.6
Dodging        | 1 2 |  2.3
Stealth        | 1 |  1.0

Action                   |  1- 3 |  4- 6 |  7- 9 || total
-------------------------+-------+-------+-------++-------
Melee: War axe           |    76 |       |       ||    76
       Headbutt          |    18 |    31 |    11 ||    60
       Spear             |    32 |   149 |    47 ||   228
  Use: Scroll            |     3 |     6 |       ||     9
       Potion            |     3 |     5 |     2 ||    10
  Eat: Chunk             |       |     2 |       ||     2
       Bread ration      |       |     1 |     2 ||     3
       Fruit             |       |     1 |       ||     1
Armor: Scale mail        |    49 |    35 |    17 ||   101
Dodge: Dodged            |    34 |    28 |    12 ||    74
Block: Shield            |    70 |    71 |    19 ||   160
